Map: World of Sleepers LE

Players

LilDicky - Winner!

  • Race: Terran Terran
  • League: Gold
  • Spawn Location: 7:00

A.I. 1 (Easy)

  • Race: Zerg Zerg
  • Spawn Location: 1:00

VOD

Have the link to the VOD?

Description

Time

  • Played on: July 22, 2020, 8 p.m.
  • Length: 6:13
Show
View Real Time Build Order
Export as new Build Order

LilDicky Terran - Winner!

Build Orders: Reaper Expand 

Get SALT Encoding   

  12  0:01  SCV  
  13  0:13  SCV  
  14  0:17  Supply Depot  
  14  0:25  SCV  
  15  0:39  SCV  
  15  0:40  Barracks  
  16  0:45  Refinery  
  16  0:51  SCV  
  17  1:03  SCV  
  18  1:15  SCV  
  19  1:28  Orbital Command  
  19  1:29  Reaper  
  20  1:40  Command Center  
  20  1:52  Barracks  
  20  1:57  Refinery  
  20  2:09  Barracks Reactor, SCV  
  21  2:21  SCV  
  22  2:23  Factory  
  22  2:31  Supply Depot  
  22  2:34  SCV  
  23  2:40  Barracks Tech Lab  
  23  2:52  SCV  
  23  2:54  Marine x2  
  23  2:55  Supply Depot  
  26  3:01  Orbital Command  
  26  3:04  Marine  
  27  3:06  Stimpack  
  27  3:18  Starport  
  27  3:22  SCV  
  27  3:25  Factory Reactor  
  28  3:29  Marine  
  28  3:32  Marine  
  30  3:45  SCV  
  30  3:46  SCV  
  30  3:47  Marine x2  
  34  3:49  Marine  
  35  4:05  Marine  
  35  4:06  SCV x2  
  35  4:07  Marine  
  35  4:08  Marine  
  35  4:09  Medivac x2  
  44  4:18  SCV x2  
  44  4:20  Refinery  
  44  4:22  Marine  
  47  4:25  Marine x2  
  47  4:30  SCV x2  
  51  4:33  Factory Tech Lab  
  51  4:40  Marine  
  51  4:41  Refinery  
  51  4:42  SCV x2  
  54  5:09  Siege Tank, Liberator  
  60  5:14  Supply Depot  
  60  5:15  Supply Depot  
  60  5:17  SCV x2  
  60  5:18  Command Center  
  62  5:35  Marine x3  
Show
View Real Time Build Order
Export as new Build Order

A.I. 1 (Easy) Zerg 

Build Orders: Pool Only 

Get SALT Encoding   

  12  0:00  Drone  
  13  0:12  Overlord  
  13  0:16  Drone  
  14  0:31  Drone  
  14  0:35  Drone  
  16  0:43  Spawning Pool  
  16  0:44  Extractor  
  16  0:46  Drone  
  15  0:51  Drone  
  16  0:58  Overlord  
  16  1:31  Zergling x2, Queen  
  19  1:33  Roach Warren  
  19  1:34  Extractor  
  19  1:37  Drone  
  18  1:42  Drone  
  18  1:43  Zergling x2  
  20  1:56  Zergling x2  
  21  2:08  Zergling x2  
  22  2:14  Overlord  
  22  2:25  Zergling x2  
  23  2:36  Drone  
  24  2:38  Zergling x2  
  24  2:40  Drone  
  26  2:45  Drone  
  26  2:49  Drone  
  28  2:58  Overlord  
  28  3:09  Roach, Drone  
  31  3:13  Drone  
  32  3:22  Roach  
  34  5:38  Zergling x2, Drone  
  26  5:42  Drone  
  26  5:47  Drone  
  15  5:50  Zergling x2  
  15  5:51  Drone  
  15  5:55  Drone  
  9  6:00  Drone  
Tags
 
Add a new tag
Caveats
  • Supply blocks, unpowered buildings, or Contaminate may cause inaccurate times.
  • Supply counts are checked every 10 seconds.